Cogmind - Beta 13 @@@ ROGUE MODE // 2024.05.13 @ 12:52:09 Player: Chickoo Result: Destroyed by H-55 Commando with Assault Rifle Performance ------------- Evolutions (2) 1000 Regions Visited (5) 1000 Robots Destroyed (40) 200 Value Destroyed (1033) 1033 Prototype IDs (25) 500 Alien Tech Used (0) 0 Bonus (302) 302 TOTAL SCORE: 4035 Bonus ------- High Alert Combat Kills 2 Aligned with FarCom 300 Cogmind --------- Core Integrity 0/550 Matter 108/300 Energy 160/160 System Corruption 25% Temperature Cool (0) Movement Walking (260) Ox2 Location -8/Materials Parts ------- > --- POWER (1) -------- Light Nuclear Core > --- PROPULSION (3) --- Aluminum Leg > --- UTILITY (5) ------ Large Storage Unit Machine Analyzer Improved Targeting Computer > --- WEAPON (2) ------- Enhanced Autogun > --- INVENTORY (15) --- Small Storage Unit Huge Storage Unit Seismic Detector Cloak of Protection Enhanced Autogun Enhanced Autogun Enhanced Autogun Peak State ------------ > --- POWER ------------ Light Nuclear Core > --- PROPULSION ------- Aluminum Leg Aluminum Leg > --- UTILITY ---------- Small Storage Unit Machine Analyzer Improved Targeting Computer Improved Propulsion Shielding Improved Light Armor Plating > --- WEAPON ----------- Enhanced Autogun Advanced Assault Cannon > --- INVENTORY -------- Huge Storage Unit Seismic Detector Cloak of Protection Enhanced Autogun Enhanced Autogun Enhanced Autogun [Rating: 27] Favorites ----------- Power Improved Ion Engine Engine Improved Ion Engine Power Core Light Nuclear Core Propulsion Aluminum Leg Treads Light Treads Leg Aluminum Leg Utility Small Storage Unit Device Disposable Heat Sink Storage Small Storage Unit Processor Machine Analyzer Hackware Hacking Suite Protection Hardened Light Armor Plating Weapon Heavy Assault Rifle Energy Gun Medium Laser Ballistic Gun Heavy Assault Rifle Ballistic Cannon Advanced Assault Cannon Launcher Rocket Launcher Impact Weapon Makeshift Hammer Build | -11 -10 -10 -10 -9 -8 ------- Run | Yrd Mat Min Exi Min Mat Slots Evolved 4 | . . . . . 4 Power . | . . . . . . Propulsion 1 | . . . . . 1 Utility 3 | . . . . . 3 Weapon . | . . . . . . Parts Attached 64 | 6 5 7 2 . 44 Power 7 | 1 . 1 . . 5 Engine 6 | 1 . 1 . . 4 Core 1 | . . . . . 1 Reactor . | . . . . . . Propulsion 10 | 2 . 1 . . 7 Treads 1 | . . . . . 1 Leg 9 | 2 . 1 . . 6 Wheel . | . . . . . . Hover . | . . . . . . Flight . | . . . . . . Utility 19 | 1 3 1 2 . 12 Device 6 | . . 1 1 . 4 Storage 4 | 1 . . . . 3 Processor 3 | . 1 . . . 2 Hackware 1 | . . . . . 1 Protection 5 | . 2 . 1 . 2 Artifact . | . . . . . . Weapon 28 | 2 2 4 . . 20 Energy Gun 1 | 1 . . . . . Energy Cannon . | . . . . . . Ballistic Gun 11 | 1 2 2 . . 6 Ballistic Cannon 7 | . . . . . 7 Launcher 6 | . . 2 . . 4 Special Weapon . | . . . . . . Impact Weapon 3 | . . . . . 3 Slashing Weapon . | . . . . . . Piercing Weapon . | . . . . . . Special Melee Weapon . | . . . . . . Unidentified Prototypes 2 | . . 1 . . 1 Corrupted Parts 1 | . . . . . 1 System Corruption 9 | . . . . . 9 Parts Lost 20 | . . . . . 20 Power 2 | . . . . . 2 Propulsion 6 | . . . . . 6 Utility 7 | . . . . . 7 Weapon 5 | . . . . . 5 Highest Loss Streak 6 | . . . . . 6 To Critical Strikes . | . . . . . . Average Slot Usage (%) 82 | . 97 92 92 100 73 Engine 10 | . 14 14 14 14 7 Treads 1 | . . . . . 1 Leg 19 | . 28 28 28 28 13 Device 5 | . . 1 . . 8 Storage 11 | . 14 14 14 14 9 Processor 4 | . . . . . 7 Hackware 1 | . . . . . 2 Protection 8 | . 11 5 7 14 7 Ballistic Gun 13 | . 25 19 28 28 6 Ballistic Cannon 3 | . . . . . 5 Launcher 1 | . . 8 . . . Naked Turns . | . . . . . . Heaviest Build 39 | 13 21 33 23 23 39 Greatest Support 35 | 20 20 25 25 25 35 Greatest Overweight (x) 4 | 2 1 1 . . 4 Average Overweight (x) . | . . . . . . Largest Inventory Capacity 25 | 8 8 8 8 8 25 Average Capacity 8 | 7 8 8 8 8 8 Most Carried 8 | 2 6 8 8 8 8 Average Carried 6 | 1 5 7 7 8 5 Final Capacity 15 | 8 8 8 8 8 15 Final Carried 8 | 2 6 8 8 8 7 Class Distribution -------------------- 86% | Mutant 10% | Scavenger-Mutant 3% | Assassin Dominant Class ---------------- Mutant | -10/Materials Mutant | -10/Mines Mutant | -10/Exiles Mutant | -9/Mines Mutant | -8/Materials Resources | -11 -10 -10 -10 -9 -8 ----------- Run | Yrd Mat Min Exi Min Mat Matter Collected 1455 | 206 116 96 60 15 962 Remotely . | . . . . . . Salvage Created 1137 | . 56 45 . . 1036 Parts 72 | . 9 4 . . 59 Haulers Intercepted 1 | . . . . . 1 Recyclers Shooed 5 | . . . . . 5 Parts Field Recycled . | . . . . . . Retrieved Matter . | . . . . . . Parts Self-Destructed . | . . . . . . Prevented . | . . . . . . Kills | -11 -10 -10 -10 -9 -8 ------- Run | Yrd Mat Min Exi Min Mat Combat Hostiles Destroyed 28 | . 1 3 . . 24 Guns 5 | . 1 1 . . 3 Cannons 8 | . . . . . 8 AOE 14 | . . 2 . . 12 Classes Destroyed 10 | . 2 1 . . 7 Worker 2 | . . . . . 2 Builder 3 | . . . . . 3 Hauler 1 | . . . . . 1 Recycler 3 | . . . . . 3 Operator 1 | . 1 . . . . Watcher 2 | . . . . . 2 Swarmer 12 | . . 2 . . 10 Grunt 12 | . 1 1 . . 10 Sentry 3 | . . . . . 3 Heavy 1 | . . . . . 1 Best Kill Streak 6 | . 2 2 . . 6 Combat Bots Only 6 | . 1 2 . . 6 Max Kills in Single Turn 4 | . 1 1 . . 4 Gunslinging . | . . . . . . Exploded 4 | . . 1 . . 4 Melee . | . . . . . . Uniques/NPCs Destroyed . | . . . . . . Combat | -11 -10 -10 -10 -9 -8 -------- Run | Yrd Mat Min Exi Min Mat Hostile Shots Fired 246 | . 3 17 . . 226 Missed 79 | . 2 7 . . 70 Damage Taken 3121 | . 10 126 . . 2985 Core 591 | . . 36 . . 555 Absorbed by Shields 101 | . . . . . 101 Redirected to Shielding 104 | . . . . . 104 Core Remaining (%) 92 | 100 . . . 85 . Volleys Fired 131 | . 3 9 . . 119 Largest 2 | . 2 2 . . 2 Hottest 73 | . 46 46 . . 73 Shots Fired 181 | . 6 12 . . 163 Gun 79 | . 6 9 . . 64 Cannon 77 | . . . . . 77 Launcher 25 | . . 3 . . 22 Special . | . . . . . . Kinetic 156 | . 6 9 . . 141 Thermal . | . . . . . . Explosive 6 | . . 3 . . 3 Electromagnetic 19 | . . . . . 19 Robot Hit Streak 16 | . 2 3 . . 16 Robot Miss Streak 5 | . 2 4 . . 5 Penetration Max . | . . . . . . Secondary Targets . | . . . . . . Shots Hit Robots 109 | . 2 5 . . 102 Core Hits 60 | . 2 4 . . 54 Critical Kills . | . . . . . . Critical Parts Destroyed 4 | . . . . . 4 Critical Strikes 9 | . . . . . 9 Blast 5 | . . . . . 5 Smash 4 | . . . . . 4 Melee Attacks 11 | . . . . . 11 Impact 11 | . . . . . 11 Slashing . | . . . . . . Piercing . | . . . . . . Sneak Attacks 3 | . . . . . 3 Combat Hostiles . | . . . . . . Follow-up Attacks . | . . . . . . Damage Inflicted 3297 | . 36 128 . . 3133 Guns 699 | . 36 63 . . 600 Cannons 1266 | . . . . . 1266 Explosions 874 | . . 65 . . 809 Melee 377 | . . . . . 377 Ramming 81 | . . . . . 81 Kinetic 1965 | . 36 63 . . 1866 Thermal 27 | . . . . . 27 Explosive 172 | . . 65 . . 107 Electromagnetic 675 | . . . . . 675 Impact 377 | . . . . . 377 Slashing . | . . . . . . Piercing . | . . . . . . Highest Corruption 25 | . . . . . 25 Average Corruption 11 | . . . . . 11 Corruption Purged . | . . . . . . Corruption Blocked . | . . . . . . Effects 52 | . . . . . 52 Message Errors 12 | . . . . . 12 Matter Fused 17 | . . . . . 17 Heat Flow Errors 7 | . . . . . 7 Energy Discharges 6 | . . . . . 6 Parts Fused 1 | . . . . . 1 Data Loss (minor) 7 | . . . . . 7 Data Loss (major) 1 | . . . . . 1 Misfires 1 | . . . . . 1 Overload Shots . | . . . . . . Overflow Damage 320 | . . . . . 320 Projectiles 41 | . . . . . 41 Explosions 15 | . . . . . 15 Melee 264 | . . . . . 264 Knockbacks 21 | . . . . . 21 Impact 2 | . . . . . 2 Kinetic 16 | . . . . . 16 Secondary 3 | . . . . . 3 Self-Inflicted Damage 112 | . . 36 . . 76 Shots 6 | . . 1 . . 5 Rammed . | . . . . . . Targets Rammed 30 | . . . . . 30 Kicked 30 | . . . . . 30 Crushed . | . . . . . . Highest Temperature 193 | . . . . . 193 Average Temperature 27 | . . . . . 27 Received Heat Transfer 759 | . 6 . . . 753 Siege Activations . | . . . . . . Robots Corrupted . | . . . . . . Combat Hostiles . | . . . . . . Parts Fried 3 | . . . . . 3 Impact Corruptions 11 | . . . . . 11 Robots Melted . | . . . . . . Combat Hostiles . | . . . . . . Parts Melted . | . . . . . . Heat Transferred 50 | . . . . . 50 Parts Sabotaged . | . . . . . . Parts Stolen . | . . . . . . Parts Stripped . | . . . . . . Power Chain Reactions 3 | . . . . . 3 Alert | -11 -10 -10 -10 -9 -8 ------- Run | Yrd Mat Min Exi Min Mat Peak Influence 426 | . 80 134 . . 426 Initial 31 | . . 31 . . . Average 162 | . 47 51 . . 230 Maximum Alert Level 2 | . . . . . 2 Low Security (%) 64 | 100 100 100 . 100 43 Level 1 32 | . . . . . 50 Level 2 3 | . . . . . 5 Level 3 . | . . . . . . Level 4 . | . . . . . . Level 5 . | . . . . . . High Security . | . . . . . . Max Security . | . . . . . . Squads Dispatched 6 | . 1 . . . 5 Investigation 2 | . . . . . 2 Extermination . | . . . . . . Reinforcement 4 | . 1 . . . 3 Assault . | . . . . . . Garrison . | . . . . . . Intercept . | . . . . . . Searches Triggered . | . . . . . . Construction Impeded 2 | . . . . . 2 Haulers Reinforced . | . . . . . . Active Scanning Responses . | . . . . . . Cargo Convoy Interrupts . | . . . . . . Stealth | -11 -10 -10 -10 -9 -8 --------- Run | Yrd Mat Min Exi Min Mat Distress Signals 5 | . . . . . 5 Communications Jammed . | . . . . . . Distress Signals . | . . . . . . Times Spotted 53 | . 6 6 . . 41 Peak Tracking Total 7 | . 4 3 . . 7 Tactical Retreats 3 | . . . . . 3 Traps | -11 -10 -10 -10 -9 -8 ------- Run | Yrd Mat Min Exi Min Mat Traps Triggered 1 | . . . . . 1 Indirectly 1 | . . . . . 1 Trap Hack Attempts . | . . . . . . Triggered . | . . . . . . Disarmed . | . . . . . . Reprogrammed . | . . . . . . Reused . | . . . . . . Traps Extracted . | . . . . . . Installed . | . . . . . . Triggered 1 | . . 1 . . . Machines | -11 -10 -10 -10 -9 -8 ---------- Run | Yrd Mat Min Exi Min Mat Machines Disabled 7 | . . 1 . . 6 Max in Single Turn 2 | . . 1 . . 2 Machines Repaired . | . . . . . . Machines Dismantled . | . . . . . . Machines Sabotaged . | . . . . . . Overloaded Fab Kills . | . . . . . . Hacking | -11 -10 -10 -10 -9 -8 --------- Run | Yrd Mat Min Exi Min Mat Machines Accessed 9 | . . 1 2 . 6 Terminals 6 | . . . . . 6 Fabricators . | . . . . . . Repair Stations . | . . . . . . Recycling Units . | . . . . . . Scanalyzers . | . . . . . . Garrison Access . | . . . . . . Total Hacks 21 | . . 1 2 . 18 Successful 13 | . . 1 2 . 10 Failed 8 | . . . . . 8 Catastrophic 1 | . . . . . 1 Database Lockouts . | . . . . . . Manual 12 | . . . 1 . 11 Terminals 18 | . . . . . 18 Fabricators . | . . . . . . Repair Stations . | . . . . . . Recycling Units . | . . . . . . Scanalyzers . | . . . . . . Garrison Access . | . . . . . . Terminal Hacks 10 | . . 1 2 . 7 Record 1 | . . . 1 . . Open Door 1 | . . 1 . . . Emergency Access Points 1 | . . . . . 1 Alert Level 2 | . . . . . 2 Unreport Threat 1 | . . . . . 1 Dispatch Records 1 | . . . . . 1 Hauler Manifests 1 | . . . . . 1 Zone Layout 1 | . . . . . 1 Derelict Proto ID Bank 1 | . . . 1 . . Fabricator Hacks . | . . . . . . Repair Station Hacks . | . . . . . . Recycling Unit Hacks . | . . . . . . Scanalyzer . | . . . . . . Garrison Access Hacks . | . . . . . . Unauthorized Hacks 3 | . . . . . 3 Terminals 3 | . . . . . 3 Assimilate 2 | . . . . . 2 Botnet 1 | . . . . . 1 Fabricators . | . . . . . . Repair Stations . | . . . . . . Recycling Units . | . . . . . . Scanalyzers . | . . . . . . Garrison Access . | . . . . . . Data Cores Recovered . | . . . . . . Used . | . . . . . . Hacking Detections 6 | . . . . . 6 Full Trace Events 1 | . . . . . 1 Feedback Events . | . . . . . . Feedback Blocked . | . . . . . . Robot Schematics Acquired . | . . . . . . Robots Built . | . . . . . . Authchips . | . . . . . . Time . | . . . . . . Total Robot Build Rating . | . . . . . . Part Schematics Acquired . | . . . . . . Parts Built . | . . . . . . Authchips . | . . . . . . Time . | . . . . . . Total Part Build Rating . | . . . . . . Parts Repaired . | . . . . . . Time . | . . . . . . Parts Recycled . | . . . . . . Recycled Matter . | . . . . . . Retrieved Matter . | . . . . . . Retrieved Components . | . . . . . . Parts Scanalyzed . | . . . . . . Part Schematics Acquired . | . . . . . . Parts Damaged . | . . . . . . Bothacking | -11 -10 -10 -10 -9 -8 ------------ Run | Yrd Mat Min Exi Min Mat Used RIF Installer . | . . . . . . Robots Hacked . | . . . . . . Non-combat . | . . . . . . Combat . | . . . . . . Robot Hacks Applied . | . . . . . . Relay Couplers Released . | . . . . . . Fabnet Peak Effective % . | . . . . . . Robots Rewired . | . . . . . . Allies Hacked . | . . . . . . Hacks Repelled . | . . . . . . Allies | -11 -10 -10 -10 -9 -8 -------- Run | Yrd Mat Min Exi Min Mat Total Allies 1 | . . . . . 1 Largest Group 1 | . . . . . 1 Highest-Rated Group 10 | . . . . . 10 Highest-Rated Ally 10 | . . . . . 10 Total Orders 2 | . . 2 . . . EXPLORE 1 | . . 1 . . . RETURN 1 | . . 1 . . . Ally Attacks . | . . . . . . Total Damage . | . . . . . . Kills . | . . . . . . Allies Corrupted . | . . . . . . Allies Melted . | . . . . . . Intel | -11 -10 -10 -10 -9 -8 ------- Run | Yrd Mat Min Exi Min Mat Robot Analysis Total . | . . . . . . Derelict Logs Recovered 2 | . . 1 . 1 . Drone Launches 2 | . . 2 . . . Drone Recoveries 2 | . . 2 . . . Exploration | -11 -10 -10 -10 -9 -8 ------------- Run | Yrd Mat Min Exi Min Mat Turns Passed 3119 | 49 394 476 287 106 1807 Spaces Moved 1556 | 32 224 341 235 89 635 Core 16 | 8 . . . . 8 Treads 131 | . . . . . 131 Legs 1409 | 24 224 341 235 89 496 Wheels . | . . . . . . Hover . | . . . . . . Flight . | . . . . . . Fastest Speed 50 | 50 120 120 120 120 120 Average Speed 152 | 120 167 126 120 120 179 Slowest Speed 260 | 190 190 190 120 120 260 Overloaded Moves . | . . . . . . Propulsion Burnouts . | . . . . . . Robots Hopped . | . . . . . . Cave-ins Triggered 2 | . . . . . 2 Exploration Rate (%) 43 | 2 38 79 60 26 57 Regions Visited 5 Branch Regions 3 Pre-discovered Areas 3 | . . 1 1 1 . Known Exits Taken . | . . . . . . Unknown Exits Taken 5 | 1 1 1 1 1 . Scrap Searched 2 | . . 1 . 1 . Spaces Dug 8 | . . . . . 8 Terrain Destroyed 79 | . . 15 . . 64 Melee 3 | . . . . . 3 Projectile 23 | . . . . . 23 AOE 53 | . . 15 . . 38 Terrain Rammed . | . . . . . . Walls Destroyed . | . . . . . . Machines Disabled . | . . . . . . Actions | -11 -10 -10 -10 -9 -8 --------- Run | Yrd Mat Min Exi Min Mat Total 2078 | 39 238 376 240 88 1097 Wait 237 | . . 6 . . 231 Move 1551 | 31 223 340 234 88 635 Hop . | . . . . . . Pick Up 24 | 2 4 6 2 . 10 Fast Attach 26 | 6 2 1 1 . 16 Attach 18 | . 2 1 1 . 14 Detach 8 | . 1 1 . . 6 Swap 20 | . 1 5 . . 14 Drop 22 | . 2 7 2 . 11 Fire 131 | . 3 9 . . 119 Melee 11 | . . . . . 11 Ram . | . . . . . . Kick 30 | . . . . . 30 Crush . | . . . . . . Escape Stasis . | . . . . . . Rewire . | . . . . . . Trap . | . . . . . . Miscellaneous . | . . . . . . Route ------- -11/Scrapyard -10/Materials (discovered 2 exits: *Mat / *Min) -10/Mines -10/Exiles -9/Mines -8/Materials (discovered 1 exit: [*Fac]) History --------- Turn | Location | Event 26 | -11/Scrapyard | Discovered new exit (range 16) 50 | -11/Scrapyard | Entered Materials 109 | -10/Materials | Discovered new exit (range 5) 175 | -10/Materials | Identified exit to Materials 312 | -10/Materials | Build established: Mutant 392 | -10/Materials | Discovered new exit (range 13) 444 | -10/Materials | Entered Mines 452 | -10/Mines | Joined a pair of Derelicts in attacking an 0b10 outpost 459 | -10/Mines | Learned location of Mines (-9) 634 | -10/Mines | Found the Drone Emporium 639 | -10/Mines | Found Prototype Device 640 | -10/Mines | Identified Sensor Drone Bay 882 | -10/Mines | A weapon hastily lodged in a ceiling crevice suddenly fell to the ground 915 | -10/Mines | Deemed a non-threat by the Exiles lab entrance 915 | -10/Mines | Discovered new exit (range 5) 920 | -10/Mines | Entered Exiles 949 | -10/Exiles | Met 8R-AWN 970 | -10/Exiles | Met EX-HEX 1006 | -10/Exiles | Met EX-BIN 1022 | -10/Exiles | Aligned with FarCom system 1024 | -10/Exiles | Given EX-Vault access code 1051 | -10/Exiles | Opened EX-Vault 1061 | -10/Exiles | Found Cloak of Protection 1090 | -10/Exiles | Warned to stay clear of 0b10 Research branches 1126 | -10/Exiles | Met EX-DEC 1132 | -10/Exiles | Learned location of Zion (-7) 1195 | -10/Exiles | Discovered new exit (range 12) 1207 | -10/Exiles | Left Exiles lab with Cloak of Protection 1207 | -10/Exiles | Entered Mines 1208 | -9/Mines | Learned location of Storage (-9) 1289 | -9/Mines | Discovered new exit (range 6) 1302 | -9/Mines | Learned Materials stockpile data 1313 | -9/Mines | Entered Materials 1313 | -8/Materials | Evolved 4 slots: Propulsion x1, Utility x3 1810 | -8/Materials | Build established: Scavenger-Mutant 1836 | -8/Materials | Crushed by falling debris 1867 | -8/Materials | Lost 6 parts (3n3u) 2122 | -8/Materials | Build established: Mutant 2262 | -8/Materials | Discovered new exit (range 10) 2266 | -8/Materials | Lost 4 parts (1p1n2w) 2474 | -8/Materials | Crushed by falling debris 2474 | -8/Materials | Core integrity fell below 50% 2474 | -8/Materials | System corruption reached 10% 3068 | -8/Materials | Core integrity fell below 20% 3120 | -8/Materials | Destroyed by H-55 Commando with Assault Rifle Last Messages --------------- 03083_ Adv. Assault Cannon destroyed. 03083_ Kicked G-47 Trooper out of the way. 03085_ Kicked G-47 Trooper. 03087_ Imp. Light Armor Plating destroyed. 03087_ Kicked G-47 Trooper out of the way. 03089_ Kicked G-47 Trooper. 03096_ System corrupted: Matter fused (-10). 03097_ Kicked G-47 Trooper. 03098_ Kicked G-47 Trooper out of the way. 03102_ Kicked G-47 Trooper. 03106_ Kicked G-47 Trooper out of the way. 03108_ Kicked G-47 Trooper. 03111_ System corrupted: Imp. Propulsion Shielding fused. 03112_ Kicked G-47 Trooper out of the way. 03114_ Kicked G-47 Trooper. 03116_ Kicked G-47 Trooper out of the way. 03117_ Penetrated by Slug. 03117_ Imp. Propulsion Shielding destroyed. 03117_ Aluminum Leg destroyed. 03117_ Kicked G-47 Trooper. Map ----- +----------------------------------------------------+ | ????????########% """ #+#####?? | | ????????# ## """ # #?? | | ????????# # ##? | | ????????# + ### | | ????????# ### # """ # | | ????????# ######## # """ # | | ??######## ## ######## """ # | | ??# !# ## #??????####### | | ??# "S /% ## #??########### " | | ??# """ #% ## #?## # ? " | | ??# "" # ###+####### #### " | | ??# # # #??# | | ??# # # #??## | | ??######+# % +% #???## | | ???????# ########### # #????? | | ???????# ########### ########?#??? | | ???????# ## # ##?????????? | | ????Y?## ## # #??????#???? | | ?????? # ## #??????????? | | ???"?? # ##### # % #??????????? | | ??"""? # #???###### #??????????? | | ??"""? # #??######### ###??????????? | | ??"""? # #### #?# #????????????? | | ???""? # ### ####?????????? | | ??""" + g h #?????????? | | ??""?? # @ ###### #?????????? | | ??""?? ### ## #????# #?????????? | | ???"?? #?# ####+######?# #?????????? | | ?????? #?# # #?# #?????????? | | ?????? #?# # #?# #?????????? | | ?????? #?# # #?# #?????????? | | ??????##?# + #?# #?????????? | | ?????#####+############# #?????????? | | ????#" # "T" ## #?????????? | | ?????# # ???????????????? | | ?????# """ # """ ?????????????? | | ?????# """ # """ #????????????? | | ?????# """ # === """ ?????????????? | | ?????# # == ?Y????????????? | | ?????######"# != ??????????????? | | ??????????### ??????????????? | | ????????????#####+###??????????????? | | ???????????????????????????????????? | | ???????????????????????????????????? | | ???????????????????????????????????? | | ???????????????????????????????????? | | ???????????????????????????????????? | | ???????????????????????????????????? | | ????????????""T""??????????????????? | | ????????????"""""??????????????????? | +----------------------------------------------------+ Best States ------------- Heat Dissipation 31 Coolant Potential 50 Energy Generation 16 Energy Capacity 290 Matter Stores 300 Matter Capacity 300 Sight Range 16 Terrain Scan Range 16 Terrain Scan Density 10 Cloak Strength 5 Armor Coverage 150 Propulsion Shielding 66 Evasion (%) 55 Targeting Accuracy 6 Recoil Reduction 1 Offensive Hacking 10 Item Schematics ----------------- None Robot Schematics ------------------ None Fabricated ------------ Nothing Alien Tech Used ----------------- None Achievements -------------- None Challenges ------------ None Game ------ Seed MicrowarpSwordNeutralizer Manual? 1 Play Time 00:49:05 Cumulative 36.4 hours Start 2024.05.08 @ 14:40:53 End 2024.05.13 @ 12:52:09 Sessions 4 Manual Loads 0 Difficulty Rogue Special Mode None Game No. 26 Rogue 26 Adventurer 0 Explorer 0 Win Type - Total 0 Types 0/0/0/0/0/0/0/0/0 Lore% 24 Gallery% 35 Achievement% 29 Wizard Run 0 Options --------- Layout 0 ASCII 0 Keyboard 0 Movement Mouse Keybinds 0 Fullscreen 1 Font 24/Smallcaps Map View 76x50 Zoom Use 0% Tactical HUD 1 Map Filters NONE Filters NONE Steam 1 RUN: 48aa7124-2425-435f-84df-33a8f0e6eda9